 Dungeon Crawl Stone Soup version 0.24-a0-22-g2a401c0 (webtiles) character file.

Game seed: 5158729494632173986

13867 Zog the Basher (level 12, -5/184 HPs)
             Began as an Ogre Berserker on Feb 1, 2019.
             Was a High Priest of Trog.
             Slain by Urug
             ... wielding a +4 demon trident
              (9 damage)
             ... on level 13 of the Dungeon.
             The game lasted 00:32:20 (21459 turns).

Zog the Basher (Ogre Berserker)                    Turns: 21459, Time: 00:32:21

Health: -5/184     AC: 10    Str: 29    XL:     12   Next: 10%
Magic:  12/12      EV: 10    Int:  8    God:    Trog [*****.]
Gold:   281        SH: 13    Dex: 12    Spells: 11/11 levels left

rFire    + . .     SeeInvis .   b - +2 flail (drain)
rCold    . . .     Gourm    .   L - +0 large shield
rNeg     . . .     Faith    .   W - +1 troll leather armour
rPois    .         Spirit   .   V - +2 hat
rElec    .         Reflect  .   j - +1 cloak {MR+}
rCorr    .         Harm     .   (gloves unavailable)
MR       ++++.                  (boots unavailable)
Stlth    ..........             (no amulet)
HPRegen  1.80/turn              U - ring of protection from fire
MPRegen  0.13/turn              o - ring of stealth

@: berserking, regenerating, very quick
A: large, unfitting armour, tough skin 1
a: Berserk, Trog's Hand, Brothers in Arms, Renounce Religion


You were on level 13 of the Dungeon.
You worshipped Trog.
Trog was extremely pleased with you.
You were very hungry.

You visited 1 branch of the dungeon, and saw 13 of its levels.

You collected 509 gold pieces.
You spent 228 gold pieces at shops.

Inventory:

Hand Weapons
 a - a +1 mace
 b - a +2 flail of draining (weapon)
 C - a +0 giant spiked club
 H - a +1 mace of crushing
Missiles
 u - 3 large rocks
 x - 21 tomahawks (quivered)
 K - 4 throwing nets
Armour
 j - a +1 cloak of magic resistance (worn)
 L - a +0 large shield (worn)
 M - the +1 cloak "Ybaed" {*Corrode rElec rPois Int+8 Dex-4}
   (You bought it in a shop on level 8 of the Dungeon)

   It affects your intelligence (+8).
   It affects your dexterity (-4).
   It insulates you from electricity.
   It protects you from poison.
   It may corrode you when you take damage.
 R - a +2 robe of fire resistance
 V - a +2 hat (worn)
 W - a +1 troll leather armour (worn)
Jewellery
 l - a +3 ring of strength
 o - a ring of stealth (right hand)
 v - an uncursed ring of ice
 U - a ring of protection from fire (left hand)
Wands
 d - a wand of polymorph (25)
 n - a wand of digging (12)
 s - a wand of iceblast (8)
 w - a wand of paralysis (27)
 y - a wand of flame (40)
 B - a wand of disintegration (26)
 O - a wand of enslavement (11)
Scrolls
 h - 4 scrolls of amnesia
 m - 7 scrolls of teleportation
 q - 5 scrolls of remove curse
 P - a scroll of enchant weapon
Potions
 e - a potion of lignification {unknown}
 f - 2 potions of haste
 i - 2 potions of ambrosia
 k - 5 potions of curing
 p - 2 potions of resistance
 r - a potion of brilliance
 t - a potion of invisibility
 z - a potion of cancellation
 A - a potion of agility
 D - 2 potions of heal wounds
 E - a potion of degeneration {unknown}
 F - a potion of mutation {unknown}
 G - 5 potions of flight
 N - a potion of magic {unknown}
 Q - a potion of might
Miscellaneous
 S - a lamp of fire
Comestibles
 c - 21 rations
 g - a chunk of flesh


   Skills:
 - Level 9.1 Fighting
 + Level 13.1 Maces & Flails
 + Level 1.7 Armour
 + Level 10.0 Dodging
 - Level 1.9 Stealth
 * Level 0.3 Shields


You had 11 spell levels left.
You didn't know any spells.
Your spell library was empty.

Dungeon Overview and Level Annotations

Branches:
Dungeon (13/15)            Temple (0/1) D:4            Lair (0/6) D:8
    Orc (0/2) D:12
 Vaults: D:13-14

Altars:
Ashenzari
Dithmenos
Elyvilon
Fedhas
Makhleb
Nemelex Xobeh
Okawaru
Uskayaw
Xom

Shops:
D:8 [

Annotations:
D:13 Urug


Innate Abilities, Weirdness & Mutations

You are too large for most types of armour.
You have tough skin. (AC +1)


Message History

Beogh smites you!
Urug winks... or blinks.
Urug hits you from afar with a +4 demon trident!!
* * * LOW HITPOINT WARNING * * *
A red film seems to cover your vision as you go berserk!
You feel yourself moving faster!
You feel mighty!
You are feeling very hungry.
The orc warrior shouts!
The wyvern bites you.
* * * LOW HITPOINT WARNING * * *
You block the wyvern's attack.
Urug hits you from afar with a +4 demon trident!!
* * * LOW HITPOINT WARNING * * *
You closely miss the wyvern. The wyvern bites you!
* * * LOW HITPOINT WARNING * * *
Unknown command.
You sock the wyvern!
The wyvern is severely wounded.
Urug hits you from afar with a +4 demon trident!
You die...

#..# #.# #..#
#.# #..# #.#
#..# #.# #..#
#.#
#####..####.#
#....#......#
#.###.#####.#
#@# #.# #l#
#.# #o# #..
#s# ##. #o.
.. o.# .. #..
...


You could see Urug, an orc warrior, a wyvern, a scorpion and an orc priest.

Vanquished Creatures
  Harold (D:11)
  A centaur warrior (D:13)
  A tengu warrior (D:13)
  A deep elf mage (D:10)
  4 centaur zombies
  A cyclops (D:13)
  A gargoyle (D:10)
  A tengu conjurer (D:13)
  A troll (D:12)
  Grinder (D:6)
  6 slime creatures (D:10)
  Prince Ribbit (D:6)
  A hippogriff (D:10)
  A spriggan (D:7)
  A basilisk (D:13)
  Menkaure (D:7)
  A hungry ghost (D:11)
  An acid dragon (D:12)
  Duvessa (D:7)
  An ice beast (D:9)
  4 sky beasts
  2 black bears
  3 orc warriors
  9 ogres
  2 phantoms
  6 centaurs
  2 crocodiles
  A big kobold (D:8)
  6 bullfrogs
  A wyvern zombie (D:12)
  Dowan (D:7)
  5 scorpions
  15 killer bees
  10 wights
  10 crimson imps
  A quasit (D:10)
  A hound (D:7)
  2 bullfrog zombies (D:12)
  7 orc priests
  6 jellies
  11 orc wizards
  3 bullfrog skeletons
  2 centaur skeletons
  2 iguanas
  Natasha (thrice) (D:2)
  12 worker ants
  A hound skeleton (D:7)
  7 gnolls
  15 adders
  A howler monkey skeleton (D:5)
  2 shadow imps
  An ooze (D:1)
  4 worms
  4 dart slugs
  9 leopard geckos
  54 orcs
  5 giant cockroaches
  5 goblins
  10 hobgoblins
  6 jackals
  7 quokkas
  A ball python (D:1)
  10 bats
  6 frilled lizards
  A jackal zombie (D:5)
  15 kobolds
  A quokka zombie (D:8)
  7 rats
327 creatures vanquished.

Notes
Turn   | Place    | Note
-------+----------+-------------------------------------------
     0 | D:1      | Zog the Ogre Berserker began the quest for the Orb.
     0 | D:1      | Reached XP level 1. HP: 24/24 MP: 1/1
   117 | D:1      | Reached XP level 2. HP: 17/32 MP: 2/2
   456 | D:1      | Reached skill level 3 in Maces & Flails
   557 | D:1      | Reached XP level 3. HP: 35/40 MP: 3/3
  1429 | D:2      | Found a hide-covered altar of Uskayaw.
  1436 | D:2      | Reached ** piety under Trog
  1673 | D:2      | Reached XP level 4. HP: 45/49 MP: 4/4
  1975 | D:2      | Reached skill level 5 in Fighting
  1975 | D:2      | Reached XP level 5. HP: 57/57 MP: 5/5
  2134 | D:2      | Found an iron altar of Okawaru.
  2143 | D:2      | Reached skill level 4 in Maces & Flails
  2315 | D:2      | Noticed Natasha
  2324 | D:2      | Killed Natasha
  2658 | D:2      | Noticed Natasha
  2664 | D:2      | Killed Natasha
  2822 | D:2      | Noticed Natasha
  2836 | D:2      | Killed Natasha
  2836 | D:2      | Reached XP level 6. HP: 66/66 MP: 6/6
  3809 | D:3      | Reached *** piety under Trog
  4551 | D:4      | Reached skill level 1 in Stealth
  4840 | D:4      | Found a staircase to the Ecumenical Temple.
  5406 | D:4      | Reached skill level 5 in Maces & Flails
  5410 | D:4      | Reached XP level 7. HP: 34/74 MP: 7/7
  6487 | D:5      | Entered Level 5 of the Dungeon
  8153 | D:5      | Reached XP level 8. HP: 77/84 MP: 8/8
  8165 | D:5      | Reached skill level 6 in Maces & Flails
  8798 | D:6      | Reached skill level 5 in Dodging
  8812 | D:6      | Found a shattered altar of Ashenzari.
  8877 | D:6      | Found a blossoming altar of Fedhas.
  8957 | D:6      | Noticed Grinder
  8979 | D:6      | Paralysed by Grinder for 2 turns
  8999 | D:6      | Killed Grinder
  8999 | D:6      | Reached skill level 7 in Maces & Flails
  9658 | D:6      | Reached XP level 9. HP: 97/97 MP: 9/9
  9823 | D:6      | Noticed Prince Ribbit
  9845 | D:6      | Reached **** piety under Trog
 10524 | D:6      | Killed Prince Ribbit
 10524 | D:6      | Reached skill level 8 in Maces & Flails
 10850 | D:6      | Found a basalt altar of Yredelemnul.
 10852 | D:6      | Found a shimmering altar of Xom.
 10852 | D:6      | Found a white marble altar of Elyvilon.
 10854 | D:6      | Found a shimmering altar of Xom.
 10854 | D:6      | Found a white marble altar of Elyvilon.
 10854 | D:6      | Found a shattered altar of Ashenzari.
 11245 | D:7      | Found a sparkling altar of Nemelex Xobeh.
 11246 | D:7      | Found a burning altar of Makhleb.
 11246 | D:7      | Noticed Menkaure
 11265 | D:7      | Killed Menkaure
 11579 | D:7      | Found a shattered altar of Ashenzari.
 11794 | D:7      | Found a shadowy altar of Dithmenos.
 11875 | D:7      | Noticed Dowan
 11879 | D:7      | Noticed Duvessa
 11892 | D:7      | Killed Duvessa
 11896 | D:7      | Killed Dowan
 11896 | D:7      | Reached skill level 9 in Maces & Flails
 12632 | D:8      | Reached XP level 10. HP: 107/107 MP: 10/10
 13065 | D:8      | Found a white marble altar of Elyvilon.
 13520 | D:8      | Found Vore's Antique Armour Shop.
 13525 | D:8      | Bought an encrusted cloak for 228 gold pieces
 13535 | D:8      | Identified the +1 cloak "Ybaed" {*Corrode rElec rPois Int+8
                  | Dex-4} (You bought it in a shop on level 8 of the Dungeon)
 13940 | D:8      | Found a staircase to the Lair.
 14097 | D:9      | Reached skill level 10 in Maces & Flails
 16112 | D:10     | Entered Level 10 of the Dungeon
 16145 | D:10     | Noticed a gargoyle
 16146 | D:10     | Noticed a deep elf mage
 16151 | D:10     | Killed a deep elf mage
 16151 | D:10     | Reached skill level 11 in Maces & Flails
 16160 | D:10     | Killed a gargoyle
 16861 | D:10     | Reached XP level 11. HP: 115/115 MP: 11/11
 18067 | D:11     | Noticed Harold
 18086 | D:11     | Killed Harold
 18086 | D:11     | Reached ***** piety under Trog
 18698 | D:11     | Reached skill level 12 in Maces & Flails
 19892 | D:12     | Found a staircase to the Orcish Mines.
 20567 | D:12     | Found a burning altar of Makhleb.
 20652 | D:12     | Noticed a skeletal warrior
 20652 | D:12     | Noticed a skeletal warrior
 20857 | D:13     | Noticed a cyclops
 20866 | D:13     | Killed a cyclops
 20952 | D:13     | Noticed a tengu warrior
 20976 | D:13     | Killed a tengu warrior
 20976 | D:13     | Reached skill level 1 in Armour
 20982 | D:13     | Reached skill level 13 in Maces & Flails
 20982 | D:13     | Reached XP level 12. HP: 26/123 MP: 12/12
 21278 | D:13     | Noticed a centaur warrior
 21297 | D:13     | Killed a centaur warrior
 21297 | D:13     | Reached skill level 10 in Dodging
 21444 | D:13     | Noticed Urug
 21451 | D:13     | Received a gift from Trog
 21458 | D:13     | HP: 3/184 [wyvern (10)]
 21459 | D:13     | Slain by Urug

Vault maps used:
D:1:      minmay_arrival_doors, nrook_mini_backslash, minmay_liquid_box
D:2:      okawaru_ov_weapons_minmay, eat_drink_and_be_merry_uskayaw,
          uniq_natasha
D:3:      kb_forest_paths, first_ration
D:4:      temple_green
D:6:      fedhas_bush_and_centaur_altar, doesnt_xom_only_xom, basic_altar,
          abandoned_shop, uniq_grinder, uniq_prince_ribbit1
D:7:      nicolae_overflow_hidden_temple, nicolae_dithmenos_shadow_blocks,
          grunt_temple_overflow_open, the_bakery, evilmike_ruin_ashenzari,
          uniq_duvessa, uniq_menkaure
D:8:      old_standard_altar, lair_entry_dummy, serial_shops,
          kennysheep_mini_moat
D:9:      skrybe_limestone_x
D:10:     st_stairs_12
D:11:     serial_co_window_serial, co_window_paths_a, co_window_corner_a,
          co_window_corner_a, co_window_corner_a, co_window_paths_a,
          co_window_corner_a, co_window_cross_1, co_window_paths_a,
          co_window_paths_b, co_window_broadway_a, co_window_of_opportunity_c,
          co_window_unsneaky_path_a, co_window_2corner,
          co_window_unsneaky_path_d, co_window_corner_b,
          co_window_of_opportunity_c, co_window_paths_e, glass_columns_a,
          glass_columns_c, uniq_harold
D:12:     orc_0_dummy, basic_altar
D:13:     grunt_vaults_entry_tiered, uniq_urug

Skill      XL: |  1  2  3  4  5  6  7  8  9 10 11 12 |
---------------+-------------------------------------+-----
Maces & Flails | 3 4 5 7 9 11 13 | 13.1
Dodging        | 3 4 5 6 8 9 10 | 10.0
Fighting       | 5 6 8 9 |  9.1
Stealth        | 1 |  1.9
Armour         | 1 |  1.7
Shields        | |  0.3

Action                   |  1- 3 |  4- 6 |  7- 9 | 10-12 || total
-------------------------+-------+-------+-------+-------++-------
Melee: Mace              |    98 |   266 |   402 |   394 ||  1160
       Giant spiked club |       |       |    37 |       ||    37
       Flail             |       |       |       |   286 ||   286
Invok: Berserk           |     2 |     6 |    13 |    13 ||    34
       Trog's Hand       |       |     2 |     5 |     6 ||    13
  Use: Scroll            |       |    11 |     3 |     7 ||    21
       Potion            |       |       |     4 |       ||     4
 Stab: Sleeping          |       |    10 |    10 |    11 ||    31
       Invisible         |       |       |     2 |       ||     2
  Eat: Chunk             |     5 |    17 |    32 |    25 ||    79
       Ration            |       |       |     2 |     5 ||     7
Armor: Animal skin       |    29 |    74 |    67 |    47 ||   217
       Skin              |       |     5 |       |       ||     5
       Robe              |       |       |       |    99 ||    99
       Troll leather arm |       |       |       |    37 ||    37
Dodge: Dodged            |    58 |   149 |   311 |   351 ||   869
Block: Large shield      |       |       |       |     9 ||     9

Table legend:
 A = Non-vault XP
 B = Vault XP
 C = Vault XP percentage of total XP
 D = Non-vault monster count
 E = Vault monster count
 F = Vault count percentage of total count
                 A         B        C        D         E       F
            +---------+---------+-------+---------+---------+-------
      Total |   16869 |    2941 |  14.8 |     310 |      17 |   5.2
            +---------+---------+-------+---------+---------+-------
        D:1 |      46 |       0 |   0.0 |      25 |       0 |   0.0
        D:2 |     247 |      35 |  12.4 |      30 |       1 |   3.2
        D:3 |     126 |      23 |  15.4 |      28 |       6 |  17.6
        D:4 |     255 |       0 |   0.0 |      22 |       0 |   0.0
        D:5 |     647 |       0 |   0.0 |      25 |       0 |   0.0
        D:6 |    1216 |     655 |  35.0 |      28 |       3 |   9.7
        D:7 |     765 |     623 |  44.9 |      21 |       4 |  16.0
        D:8 |     559 |       0 |   0.0 |      21 |       0 |   0.0
        D:9 |    2318 |       0 |   0.0 |      35 |       0 |   0.0
       D:10 |    2925 |     635 |  17.8 |      23 |       2 |   8.0
       D:11 |    1025 |     970 |  48.6 |      19 |       1 |   5.0
       D:12 |    2540 |       0 |   0.0 |      16 |       0 |   0.0
       D:13 |    4200 |       0 |   0.0 |      17 |       0 |   0.0
            +---------+---------+-------+---------+---------+-------
